 Dungeon Crawl Stone Soup version 0.25-a0-707-g603da076d2 (webtiles) character file.

Game seed: 17890073673991853467, levelgen mode: deterministic

30 sanka the Chiller (level 3, -6/24 HPs)
             Began as a Barachi Ice Elementalist on Apr 4, 2020.
             Mangled by a worm (11 damage)
             ... on level 2 of the Dungeon.
             The game lasted 00:02:07 (1563 turns).

sanka the Chiller (Barachi Ice Elementalist)        Turns: 1563, Time: 00:02:07

Health: -6/24      AC:  2    Str:  9    XL:     3   Next: 20%
Magic:  4/7        EV: 12    Int: 16    God:
Gold:   40         SH:  0    Dex: 12    Spells: 1/8 levels left

rFire    . . .     SeeInvis .   h - +0 short sword
rCold    . . .     Gourm    .   (no shield)
rNeg     . . .     Faith    .   a - +0 robe
rPois    .         Spirit   .   (no helmet)
rElec    .         Reflect  .   (no cloak)
rCorr    .         Harm     .   (no gloves)
MR       .....                  (no boots)
Stlth    ++........             (no amulet)
HPRegen  0.08/turn              (no ring)
MPRegen  0.10/turn              (no ring)

@: slow
A: +LOS, swims, slowness 1, strong legs 1
a: Hop


You were on level 2 of the Dungeon.
You were not hungry.

You visited 1 branch of the dungeon, and saw 2 of its levels.

You collected 40 gold pieces.


Innate Abilities, Weirdness & Mutations

You can be seen from farther away. (+LOS)
You can swim through water.
You cover ground slowly.
You can hop short distances.


   Skills:
 - Level 2.1 Dodging
 - Level 1.7 Stealth
 + Level 3.3 Spellcasting
 + Level 5.2 Ice Magic


You had one spell level left.
You knew the following spells:

 Your Spells              Type           Power        Failure   Level  Hunger
a - Ozocubu's Armour      Chrm/Ice       ##......     19%         3    ###....
y - Frozen Ramparts       Ice            ###...       6%          3    ###....
z - Freeze                Ice            ###.         2%          1    None

Your spell library contained the following spells:

 Spells                   Type           Power        Failure   Level  Hunger
 Hailstorm                Conj/Ice       ##......     52%         4    ####...
 Summon Ice Beast         Ice/Summ       ##......     52%         4    ####...

Inventory:

Hand Weapons
 h - a +0 short sword (weapon)
Missiles
 d - 17 poisoned darts (quivered)
Armour
 a - a +0 robe (worn)
Jewellery
 g - an uncursed ring of see invisible
Scrolls
 b - a scroll of remove curse {unknown}
 e - 2 scrolls of identify {unknown}
Potions
 f - a potion of flight {unknown}
Comestibles
 c - 2 rations
 i - 3 chunks of flesh

Dungeon Overview and Level Annotations

Branches:
Dungeon (2/15)

Altars:

▒▒▒▒▒▒▒▒▒▒▒▒▒▒.....
▒▒▒▒▒▒▒..............[...
................▒▒▒▒.....
.▒▒▒▒▒..▒▒▒▒▒▒.▒ ▒▒...▒
▒..▒▒▒▒▒▒.▒ ▒▒.▒▒ %
▒.......▒.▒ ▒▒...▒
....▒▒▒...▒▒▒.▒.▒ ▒▒.....
..........▒ ▒.▒ ▒......
▒.▒.▒▒▒▒F£▒ ▒>▒ ▒......
▒w.▒ ▒.▒ ▒...... .....
▒.▒ ▒▒..... ▒▒▒.▒▒▒
▒.▒▒▒▒.<..▒ .▒
▒.......... .▒
▒▒▒▒▒▒.▒.▒▒ .▒
▒.▒▒▒▒▒▒<▒.▒▒ .▒
▒........▒... .▒
▒.▒▒▒▒▒▒▒....


You could see a worm.


Message History

There is an escape hatch in the ceiling here.
Found 8 gold pieces.
No target in view!
No target in view!
Found a scroll labeled SIAMYV GUICU.
Found a leather armour.
You now have 40 gold pieces (gained 8).
e - 2 scrolls labeled SIAMYV GUICU (gained 1)
You see here a leather armour.
Found a stone staircase leading down.
A worm comes into view.
Found 7 gold pieces.
The worm bites you!
Found a ration.
Aiming: Freeze (safe; 2% risk of failure)
Aim: a worm You freeze the worm!
The worm is heavily wounded.
The worm bites you!
* * * LOW HITPOINT WARNING * * *
Aiming: Freeze (safe; 2% risk of failure)
Aim: a worm (moderately wounded)
You freeze the worm.
The worm is heavily wounded.
Aiming: Freeze (safe; 2% risk of failure)
Aim: a worm (heavily wounded)
You freeze the worm!
The worm is almost dead.
The worm bites you!
You die...

Action                   || total
-------------------------++-------
Melee: Unarmed           ||     6
 Cast: Freeze            ||    35
  Eat: Chunk             ||     2
Armor: Robe              ||     6
Dodge: Dodged            ||    16

Levels and vault maps discovered:
D:1:      dpeg_arrival_tiny_d, layout_loops_corners
D:2:      layout_loops_ring, chequers_ecumenical_altar_simple,
          uniq_crazy_yiuf_cottage, uniq_sigmund

Notes
Turn   | Place    | Note
-------+----------+-------------------------------------------
     0 | D:1      | sanka the Barachi Ice Elementalist began the quest for the
                  | Orb.
     0 | D:1      | Reached XP level 1. HP: 13/13 MP: 3/3
   250 | D:1      | Reached XP level 2. HP: 13/19 MP: 1/5
   372 | D:1      | Reached skill level 3 in Spellcasting
   916 | D:1      | Reached skill level 5 in Ice Magic
  1024 | D:1      | Reached XP level 3. HP: 7/24 MP: 2/7
  1437 | D:1      | Learned a level 3 spell: Frozen Ramparts
  1441 | D:1      | Learned a level 3 spell: Ozocubu's Armour
  1563 | D:2      | Mangled by a worm

Vanquished Creatures
  6 dart slugs
  A giant cockroach (D:1)
  A hobgoblin (D:1)
  A kobold (D:1)
  A ball python (D:2)
  A bat (D:1)
  A frilled lizard (D:2)
  5 goblins (D:1)
  2 rats (D:1)
19 creatures vanquished.
